AoeStats
← Bin Chicken

African Clearing

510949451Analyzed
4v4 RM · 14h ago on Oct 3, 2026· 50m 34s· 8 players
Game mode
Random Map
Map size
Large (8 player)
Population
200
Speed
Normal
Resources
Standard
Victory
Conquest
Starting age
Dark Age
Ending age
Imperial Age
RankedLock teamsTeams togetherTeam positionsShared explorationLock speedFull tech treeHidden civsTurbo modeCheats
Victory
Defeat
🇦🇺 Danes · Australia
979
+16
🇷🇺 Franks · Russia
930
+18
🇪🇪 Britons · Estonia
923
+18
🇦🇷 Persians · Argentina
916
+18
🇨🇳 Varangians · China
1015
-20
🇮🇳 Japanese · India
984
-18
🇨🇳 Mongols · China
957
-17
🇹🇼 Burgundians · Taiwan
912
-15
DangerWashington
5:08 Loom
19:35 Feudal Age
20:32 Wheelbarrow
24:25 Castle Age
24:57 Hand Cart
25:53 Fletching
26:13 Forging
26:10 Scale Barding Armor
26:39 Cavalier
28:06 Town Watch
28:10 Horse Collar
28:46 Double-Bit Axe
30:08 Chain Barding Armor
30:02 Husbandry
30:48 Iron Casting
30:49 Bodkin Arrow
36:49 Heavy Plow
37:43 Scale Mail Armor
44:45 Imperial Age
43:33 Guard Tower
44:04 Ballistics
43:56 Masonry
43:29 Treadmill Crane
46:22 Conscription
47:04 Chemistry
KlausMikaelson
4:39 Loom
5:45 Loom
16:53 Feudal Age
19:10 Bloodlines
21:23 Wheelbarrow
21:28 Gold Mining
22:26 Scale Barding Armor
26:56 Castle Age
24:55 Stone Mining
27:32 Double-Bit Axe
28:09 Hand Cart
30:10 Bow Saw
29:48 Horse Collar
31:35 Heavy Plow
34:39 Light Cavalry
35:20 Husbandry
37:53 Forging
38:54 Pikeman
39:35 Squires
39:20 Arson
48:12 Imperial Age
46:49 Town Watch
48:03 Iron Casting
47:48 Chain Barding Armor
48:32 Gold Shaft Mining
48:38 Halberdier
amxu8655602
7:20 Loom
20:52 Feudal Age
30:41 Castle Age
39:53 Double-Bit Axe
39:54 Horse Collar
46:42 Stone Mining
46:42 Gold Mining
47:48 Wheelbarrow
50:54 Imperial Age
49:43 Hand Cart
49:35 Padded Archer Armor
49:42 Scale Barding Armor
King Bourbon
3:04 Loom
14:34 Feudal Age
19:26 Castle Age
17:43 Double-Bit Axe
18:28 Scale Barding Armor
18:35 Forging
18:30 Gold Mining
20:58 Bow Saw
22:15 Chain Barding Armor
31:19 Bloodlines
31:47 Iron Casting
37:32 Imperial Age
35:47 Fishing Lines
38:06 Husbandry
37:30 Vendel Legacy
38:50 Wheelbarrow
40:19 Plate Barding Armor
40:44 Blast Furnace
40:13 Conscription
43:57 Elite Jarl
45:58 Gambesons
47:38 Hand Cart
Myrakaru
3:04 Loom
12:56 Feudal Age
13:29 Double-Bit Axe
20:08 Castle Age
18:14 Fletching
18:23 Gold Mining
19:11 Padded Archer Armor
20:27 Crossbowman
20:52 Horse Collar
22:01 Heavy Plow
24:27 Ballistics
29:24 Bodkin Arrow
32:28 Bow Saw
36:38 Imperial Age
35:47 Squires
35:09 Pikeman
36:28 Wheelbarrow
38:23 Chemistry
37:32 Bracer
38:28 Leather Archer Armor
39:41 Hand Cart
40:13 Conscription
42:08 Arbalester
46:44 Yeomen
47:15 Ring Archer Armor
46:47 Scale Mail Armor
47:15 Yeomen
cosito
23:21 Feudal Age
25:00 Loom
30:20 Castle Age
43:32 Double-Bit Axe
43:30 Horse Collar
53:34 Imperial Age
Bin Chicken
8:02 Loom
8:59 Loom
13:52 Feudal Age
14:19 Double-Bit Axe
19:21 Castle Age
17:36 Gold Mining
19:05 Fletching
20:47 Bodkin Arrow
21:15 Padded Archer Armor
22:21 Bow Saw
25:44 Bloodlines
25:34 Husbandry
28:15 Ballistics
31:45 Town Watch
33:01 Leather Archer Armor
34:49 Horse Collar
36:35 Wheelbarrow
36:34 Thumb Ring
36:38 Stone Mining
37:23 Gold Shaft Mining
41:02 Imperial Age
43:21 Imperial Age
41:07 Hand Cart
44:02 Bracer
44:33 Ring Archer Armor
46:58 Gold Shaft Mining
45:58 Cranequins
46:20 Heavy Mounted Crossbowman
49:16 Conscription
49:36 Scale Mail Armor
49:47 Forging
IT-babka
4:37 Loom
16:34 Feudal Age
17:08 Double-Bit Axe
21:04 Forging
22:00 Gold Mining
23:22 Fishing Lines
31:00 Castle Age
29:39 Scale Barding Armor
30:04 Stone Mining
31:07 Light Cavalry
31:51 Husbandry
32:46 Gold Shaft Mining
33:17 Iron Casting
35:01 Bow Saw
36:50 Gillnets
37:55 Wheelbarrow
37:55 Chain Barding Armor
38:03 Fervor
38:37 Fletching
41:03 Hand Cart
46:25 Imperial Age
44:30 Ballistics
44:08 Bodkin Arrow
44:26 Ordonnance Companies
46:34 Padded Archer Armor
46:36 Scale Mail Armor
46:28 Cavalier
48:10 Blast Furnace
47:46 Plate Barding Armor
47:51 Chivalry
48:13 Conscription
48:29 Hoardings
49:07 Chemistry
47:49 Treadmill Crane
48:36 Paladin
Connection lost

Rejoining the realm…

Still unreachable

The connection could not be restored.

Session expired

The server has moved on; the page needs a fresh start.